 Dungeon Crawl Stone Soup version 0.29.1-1-gd02db6906a (webtiles) character file.

Game seed: 4629399264256728210

425 gelatine the Chopper (level 6, -8/48 HPs)
             Began as a Demonspawn Gladiator on Oct 1, 2022.
             Was a Follower of Uskayaw.
             Mangled by a gnoll
             ... wielding a +0 whip of electrocution
             ... led by a gnoll bouda
              (12 damage)
             ... on level 5 of the Dungeon.
             The game lasted 00:08:23 (4479 turns).

gelatine the Chopper (Demonspawn Gladiator)         Turns: 4479, Time: 00:08:23

Health: -8/48      AC:  4    Str: 16    XL:     6   Next: 64%
Magic:  6/6        EV: 17    Int: 10    God:    Uskayaw [*.....]
Gold:   170        SH:  0    Dex: 18    Spells: 5/5 levels left

rFire   . . .      SeeInvis +   v - +3 hand axe
rCold   . . .      Faith    .   (no shield)
rNeg    . . .      Spirit   .   b - +0 leather armour
rPois   .          Reflect  .   c - +0 helmet
rElec   .          Harm     .   (no cloak)
rCorr   .          Rampage  .   (no gloves)
Will    .....                   (no boots)
Stlth   ++++......              (no amulet)
HPRegen 0.16/turn               m - +4 ring of evasion
MPRegen 0.10/turn               j - ring of see invisible

@: no status effects
A: hooves 2, thin skeletal structure 2, ignite blood 1
a: Renounce Religion, Stomp


You were on level 5 of the Dungeon.
You worshipped Uskayaw.
Uskayaw was noncommittal.
You visited 2 branches of the dungeon, and saw 6 of its levels.

You collected 170 gold pieces.

Inventory:

Hand Weapons
 a - a +0 war axe
 v - a +3 hand axe (weapon)
Missiles
 e - 3 javelins (quivered)
 w - 6 poisoned darts
Armour
 b - a +0 leather armour (worn)
 c - a +0 helmet (worn)
 B - a +0 chain mail
Magical Staves
 u - a staff of air
Jewellery
 j - a ring of see invisible (right hand)
 m - a +4 ring of evasion (left hand)
 o - an amulet of faith
 x - a ring of resist corrosion
Wands
 h - a wand of light (11)
Scrolls
 p - a scroll of amnesia
 y - a scroll of poison {unknown}
 A - a scroll of fear {unknown}
Potions
 f - a potion of mutation
 g - 2 potions of might {unknown}
 i - a potion of haste {unknown}
 k - 2 potions of lignification {unknown}
 l - 2 potions of degeneration {unknown}
 n - a potion of flight {unknown}
 q - 2 potions of berserk rage {unknown}
 r - a potion of attraction {unknown}
 s - 2 potions of curing {unknown}
 t - a potion of brilliance {unknown}
 z - a potion of ambrosia {unknown}


   Skills:
 * Level 3.7 Fighting
 + Level 4.5 Axes
 + Level 1.9 Throwing
 + Level 2.0 Armour
 + Level 3.4 Dodging
 + Level 2.2 Stealth
 * Level 1.0 Invocations


You had 5 spell levels left.
You didn't know any spells.
Your spell library contained the following spells:

 Spells                   Type           Power      Damage    Failure   Level
 Beastly Appendage        Tmut           0%         N/A       43%         1
 Wereblood                Tmut           0%         N/A       56%         2
 Spider Form              Tmut/Pois      0%         N/A       80%         3


Dungeon Overview and Level Annotations

Branches:
Dungeon (5/15)             Temple (1/1) D:4

Altars:
Ashenzari
Cheibriados
Gozag
Hepliaklqana
Kikubaaqudgha
Makhleb
Nemelex Xobeh
Okawaru
Qazlal
Ru
Sif Muna
Trog
Uskayaw
Vehumet
Wu Jian


Innate Abilities, Weirdness & Mutations

You have hoof-like feet.
You have a moderately thin skeletal structure. (Dex +4, Stealth++)
Your demonic aura sometimes causes spilled blood to erupt in flames.


Message History

You kill the gnoll!
The gnoll is no longer moving quickly.
The gnoll hits you from afar with a +0 spear.
A gnoll comes into view.
It is wielding a +0 whip of electrocution.
The gnoll bouda barks out a call to the hunt!
The gnoll picks up the pace!
The gnoll shouts! x2; You hear a bark!
You throw a throwing net. The throwing net hits the ogre.
The ogre is caught in the net!
You hear a shout!
The gnoll hits you from afar with a +0 spear.
The ogre struggles against the net.
You throw a throwing net. The throwing net hits the ogre.
The gnoll hits you from afar with a +0 spear.
You throw a throwing net. The throwing net hits the ogre.
The gnoll is no longer moving quickly.
The ogre struggles against the net.
You hit the gnoll bouda but do no damage.
Your kick misses the gnoll bouda. You hit the gnoll.
The gnoll hits you from afar with a +0 spear.
The gnoll bouda hits you with a +0 whip!
The ogre struggles against the net.
The gnoll hits you with a +0 flail.
The hound pauses to sniff the ground.
You hit the gnoll.
The gnoll is moderately wounded.
You closely miss the gnoll bouda.
The gnoll hits you from afar with a +0 spear.
* * * LOW HITPOINT WARNING * * *
The ogre struggles against the net.
The gnoll bouda completely misses you. The gnoll misses you.
The gnoll barely misses you.
You hit the gnoll bouda.
The gnoll bouda is moderately wounded.
You slash the gnoll! You closely miss the gnoll.
The gnoll bouda calls upon its god to heal the gnoll.
The gnoll is healed somewhat.
The ogre struggles against the net.
The hound barely misses you. The gnoll hits you with a +0 flail.
* * * LOW HITPOINT WARNING * * *
The gnoll hits you from afar with a +0 spear!
* * * LOW HITPOINT WARNING * * *
The gnoll hits you but does no damage.
You are electrocuted!
You die...

.##...## #.....≈ .o.⌠..
#.g...≈ #... ##.....≈
## ###w#######......≈
#..###.....g.g....#+#.≈
#......o#.........# .≈
+....ggO+.........# ≈
.###+##h##.........#
......g@g.....######
........g.....+
..............#
.......)......#
..#########.... . ....
... ..


You could see an ogre (caught), a gnoll bouda, a hound, 4 gnolls, a dart slug
and an orc.

Vanquished Creatures
  Pargi (D:3)
  A black bear (D:4)
  A scorpion (D:4)
  An orc wizard (D:3)
  6 adders
  2 gnolls
  3 worms
  2 dart slugs (D:4)
  6 orcs
  4 ball pythons
  5 bats
  8 endoplasms
  A giant cockroach (D:3)
  3 goblins
  5 hobgoblins
  8 kobolds
  5 quokkas
  3 frilled lizards
  8 rats
73 creatures vanquished.

Notes
Turn   | Place    | Note
-------+----------+-------------------------------------------
     0 | D:1      | gelatine the Demonspawn Gladiator began the quest for the
                  | Orb.
     0 | D:1      | Reached XP level 1. HP: 16/16 MP: 1/1
   213 | D:1      | Reached skill level 3 in Axes
   218 | D:1      | Gained mutation: You have a somewhat thin skeletal
                  | structure. (Dex +2, Stealth+) [demonic ancestry]
   218 | D:1      | Reached XP level 2. HP: 15/22 MP: 2/2
  1020 | D:2      | Gained mutation: You have large cloven feet. [demonic
                  | ancestry]
  1020 | D:2      | Reached XP level 3. HP: 17/27 MP: 3/3
  1766 | D:2      | Gained mutation: Your demonic aura sometimes causes spilled
                  | blood to erupt in flames. [demonic ancestry]
  1766 | D:2      | Reached XP level 4. HP: 24/34 MP: 4/4
  1991 | D:2      | Reached skill level 1 in Stealth
  2647 | D:3      | Noticed Pargi
  2677 | D:3      | Killed Pargi
  2678 | D:3      | Reached skill level 4 in Axes
  2678 | D:3      | Reached skill level 1 in Armour
  2678 | D:3      | Gained mutation: You have a moderately thin skeletal
                  | structure. (Dex +4, Stealth++) [demonic ancestry]
  2678 | D:3      | Reached XP level 5. HP: 25/41 MP: 5/5
  3345 | D:4      | Found a large runed translucent door.
  3346 | D:4      | Found a large runed translucent door.
  3364 | D:4      | Gained mutation: You have hoof-like feet. [demonic
                  | ancestry]
  3364 | D:4      | Reached XP level 6. HP: 31/47 MP: 6/6
  3553 | D:4      | Found a snail-covered altar of Cheibriados.
  3566 | D:4      | Found a sacrificial altar of Ru.
  3968 | D:4      | Found a staircase to the Ecumenical Temple.
  3974 | Temple   | Entered the Ecumenical Temple
  4000 | Temple   | Became a worshipper of Uskayaw the Reveller
  4125 | D:4      | Reached * piety under Uskayaw
  4128 | D:4      | Reached ** piety under Uskayaw
  4131 | D:4      | Reached skill level 1 in Invocations
  4456 | D:5      | Entered Level 5 of the Dungeon
  4479 | D:5      | Mangled by a gnoll

Illustrated notes

Levels and vault maps discovered:
D:1:      dpeg_arrival_radiant, layout_loops_ring, glass_columns_a,
          minmay_surrounded
D:2:      layout_basic, minmay_vboxes
D:3:      layout_basic, kennysheep_another_room, minmay_crystal_room, uniq_pargi
D:4:      layout_loops_ring, jmf_multi_god_temple2,
          minmay_temple_entry_enclosed_plants
D:5:      gammafunk_cloud_chamber, layout_gridville,
          mainiacjoe_overflow_24_doors, nicolae_inconvenience_store,
          grunt_ministairs_5, eino_tiny_chamber, uniq_blork_the_orc
Temple:   hellmonk_temple_two_chambers

Skill      XL: |  1  2  3  4  5  6 |
---------------+-------------------+-----
Axes           | 3 4 |  4.5
Dodging        | 3 |  3.4
Stealth        | 1 2 |  2.2
Fighting       | 3 |  3.7
Armour         | 1 2 |  2.0
Invocations    | 1 |  1.0
Throwing       | |  1.9

Action                   |  1- 3 |  4- 6 || total
-------------------------+-------+-------++-------
Melee: War axe           |    92 |    75 ||   167
       Punch             |     1 |     2 ||     3
       Kick              |     4 |    28 ||    32
       Hand axe          |       |    45 ||    45
Throw: Throwing net      |     1 |     5 ||     6
  Use: Scroll            |       |     4 ||     4
 Stab: Sleeping          |     9 |     5 ||    14
       Distracted        |       |     1 ||     1
Armor: Leather armour    |    33 |    30 ||    63
Dodge: Dodged            |    82 |    98 ||   180
